 Dungeon Crawl Stone Soup version 0.30-a0-652-gcc886f7154 (webtiles) character file.

Game seed: 5933080906842525170

137 Strat the Slasher (level 5, -2/41 HPs)
             Began as a Draconian Reaver on Jan 17, 2023.
             Was an Initiate of Ashenzari.
             Slain by a hound (5 damage)
             ... on level 4 of the Dungeon.
             The game lasted 00:04:40 (2963 turns).

Strat the Slasher (Draconian Reaver)                Turns: 2963, Time: 00:04:40

Health: -2/41      AC:  5    Str: 15    XL:     5   Next: 0%
Magic:  8/8        EV: 12    Int: 13    God:    Ashenzari [......]
Gold:   202        SH:  0    Dex: 11    Spells: 2/8 levels left

rFire   + . .      SeeInvis .    a - +0 falchion
rCold   . . .      Faith    .    (no shield)
rNeg    . . .      Spirit   .    (body armour unavailable)
rPois   .          Reflect  .    (helmet restricted)
rElec   .          Harm     .    (no cloak)
rCorr   .          Rampage  .    (no gloves)
Will    .....      Clarity  +    (no boots)
Stlth   +                        (no amulet)
HPRegen 0.26/turn                j - ring of protection from fire
MPRegen 0.11/turn                (no ring)

@: hasted, very quick
A: AC +5, unfitting armour, cold-blooded, stinger 1, clarity
a: Renounce Religion


You were on level 4 of the Dungeon.
You worshipped Ashenzari.
Ashenzari was noncommittal.
You visited 1 branch of the dungeon, and saw 5 of its levels.

You collected 202 gold pieces.

Inventory:

Hand Weapons
 a - a +0 falchion (weapon)
Jewellery
 i - a +6 ring of intelligence
 j - a ring of protection from fire (left hand)
 o - an amulet of regeneration
Wands
 s - a wand of paralysis (10)
Scrolls
 d - 2 scrolls of torment {unknown}
 f - 2 scrolls of poison {unknown}
 g - 3 scrolls of identify {unknown}
 k - 3 scrolls of summoning {unknown}
 l - 3 scrolls of teleportation {unknown}
 m - a scroll of immolation {unknown}
 n - a scroll of enchant weapon {unknown}
 q - a scroll of blinking {unknown}
Potions
 b - 2 potions of haste
 c - 2 potions of might {unknown}
 e - 3 potions of mutation
 h - 4 potions of curing {unknown}
 p - a potion of degeneration {unknown}
 r - a potion of cancellation {unknown}


   Skills:
 - Level 2.1 Fighting
 * Level 4.6 Long Blades
 - Level 1.7 Dodging
 - Level 2.0 Spellcasting
 + Level 3.9 Conjurations
 + Level 1.6 Translocations


You had 2 spell levels left.
You knew the following spells:

 Your Spells              Type           Power      Damage    Failure   Level
a - Kiss of Death         Conj/Necr      24%        2d7       12%         1
b - Momentum Strike       Conj/Tloc      16%        3d8       12%         2
c - Hailstorm             Conj/Ice       6%         3d4       34%         3

Your spell library contained the following spells:

 Spells                   Type           Power      Damage    Failure   Level
 Magic Dart               Conj           44%        1d5       4%          1
 Call Imp                 Summ           1%         N/A       36%         2
 Mephitic Cloud           Conj/Pois/Air  4%         N/A       41%         3


Dungeon Overview and Level Annotations

Branches:
Dungeon (5/15)             Temple (0/1) D:5

Altars:
Ashenzari
Gozag

Annotations:
D:3 Sigmund


Innate Abilities, Weirdness & Mutations

Your plain brown scales are hard. (AC +5)
You cannot fit into any form of body armour.
You are cold-blooded and may be slowed by cold attacks.
Your tail ends in a venomous barb.
You possess an exceptional clarity of mind.


Message History

The ogre shouts!
Found a staircase to the Ecumenical Temple.
You have a vision of a gate.
There is a stone staircase leading up here.
The hound closely misses you. The hound attacks as you move away!
The hound bites you.
Found 6 stones.
The hound bites you but does no damage. The hound attacks as you move away!
The hound barely misses you. The hound attacks as you move away!
The hound misses you. The hound barely misses you.
Found a scroll labelled NIRIUGAV SAGI.
The hound bites you. The hound attacks as you move away! The hound misses you.
The hound attacks as you move away! The hound bites you.
The hound bites you but does no damage.
There is a stone staircase leading up here.
The hound barely misses you.
You climb upwards.
The ogre misses you.
There is a stone staircase leading down here.
Okay, then.
The hound bites you. The hound closely misses you.
The ogre hits you with a +0 giant club!
* * * LOW HITPOINT WARNING * * *
The hound attacks as you move away! The hound bites you.
* * * LOW HITPOINT WARNING * * *
The hound bites you.
* * * LOW HITPOINT WARNING * * *
It was a potion of mutation.
You feel extremely strange.
Your thoughts seem clearer.
A venomous barb forms on the end of your tail.
The hound bites you.
* * * LOW HITPOINT WARNING * * *
The hound misses you.
It was a potion of haste.
You feel yourself speed up. The hound bites you.
* * * LOW HITPOINT WARNING * * *
Found a runed quarterstaff.
The hound attacks as you move away! The hound barely misses you.
The hound attacks as you move away! The hound bites you but does no damage.
The hound attacks as you move away! The hound bites you.
You die...

#.#......######.###
####.#......#....#...#
...........>#.##.#.#.#
#.#.........#.##.###.#
#.#..[......#.##.....###
#....#.................#
.....#####.............#
.......###....[........#
....##..##......@......#
...$.....>..#..#h#######
....###...#.#..#.# ....
##..#.#..#.# ....
#..#.####.# ....
#..#..O.O.# ....
#.....##### .... ##.##.#
.... ...##.#


You could see an ogre and a hound.

Vanquished Creatures
  6 adders
  2 worms (D:2)
  2 dart slugs
  5 bats
  7 endoplasms
  2 giant cockroaches
  9 goblins
  13 hobgoblins
  3 kobolds
  4 quokkas
  9 ball pythons
  3 frilled lizards
  3 rats
68 creatures vanquished.

Notes
Turn   | Place    | Note
-------+----------+-------------------------------------------
     0 | D:1      | Strat the Draconian Reaver began the quest for the Orb.
     0 | D:1      | Reached XP level 1. HP: 17/17 MP: 3/3
   173 | D:1      | Reached XP level 2. HP: 21/24 MP: 5/5
   203 | D:1      | Learned a level 2 spell: Momentum Strike
   567 | D:1      | Found a faded altar of an unknown god.
   712 | D:1      | Reached XP level 3. HP: 27/29 MP: 6/6
  1112 | D:2      | Found an opulent altar of Gozag.
  1214 | D:2      | Reached skill level 4 in Long Blades
  1340 | D:2      | Reached skill level 1 in Translocations
  1340 | D:2      | Reached XP level 4. HP: 33/36 MP: 7/7
  2291 | D:3      | Found a broken altar of Ashenzari.
  2299 | D:3      | Became a worshipper of Ashenzari the Shackled
  2797 | D:3      | Noticed Sigmund
  2829 | D:4      | Noticed an ogre
  2901 | D:4      | Reached XP level 5. HP: 41/41 MP: 8/8
  2905 | D:4      | Learned a level 3 spell: Hailstorm
  2935 | D:5      | Entered Level 5 of the Dungeon
  2935 | D:5      | Noticed an ogre
  2935 | D:5      | Found a staircase to the Ecumenical Temple.
  2952 | D:4      | Gained mutation: You possess an exceptional clarity of
                  | mind. [potion of mutation]
  2952 | D:4      | Gained mutation: Your tail ends in a venomous barb. [potion
                  | of mutation]
  2953 | D:4      | HP: 1/41 [hound (4)]
  2963 | D:4      | Slain by a hound

Illustrated notes

Levels and vault maps discovered:
D:1:      mainiacjoe_arrival_reflecting_pool, layout_loops_ring,
          ebering_ecumenical_altar_petrified
D:2:      layout_basic, basic_altar
D:3:      cheibrodos_greedy_goblins, layout_basic,
          mainiacjoe_overflow_small_starburst, general_overflow_altar,
          minmay_misc_feat_room, minmay_misc_feat_ornament,
          nicolae_elevator_lobby_asterisk, uniq_sigmund
D:4:      layout_basic, lightli_corner_chamber, uniq_blork_the_orc
D:5:      layout_basic, overflow_temple_1_default,
          minmay_temple_entry_purple_smoke, gup_sewer_entry_glass,
          dk_noncrumbling_4, uniq_edmund

Skill      XL: |  1  2  3 |
---------------+----------+-----
Long Blades    | 4 |  4.6
Translocations | 1 |  1.6
Fighting       | |  2.1
Dodging        | |  1.7
Spellcasting   | |  2.0
Conjurations   | |  3.9

Action                   |  1- 3 |  4- 6 || total
-------------------------+-------+-------++-------
Melee: Falchion          |   121 |   129 ||   250
       Tailslap          |    12 |     6 ||    18
       Punch             |       |     1 ||     1
  Use: Potion            |       |     2 ||     2
 Stab: Sleeping          |     1 |     2 ||     3
Armor: Skin              |    45 |    52 ||    97
Dodge: Dodged            |    78 |    93 ||   171

Table legend: (Time is in decaauts)
 A = Elapsed time spent in this place.
 B = Non-inter-level travel time spent in this place.
 C = Inter-level travel time spent in this place.
 D = Time resting spent in this place.
 E = Time spent auto-exploring this place.
 F = Levels seen in this place.
 G = Mean time per level.
                   A        B        C        D        E       F      G
               +--------+--------+--------+--------+--------+-----+--------+
         Total |   2989 |   2913 |     76 |     85 |   2173 |   5 |  597.8 |
       Dungeon |   2989 |   2913 |     76 |     85 |   2173 |   5 |  597.8 |
               +--------+--------+--------+--------+--------+-----+--------+

Top non-repeatable levels by time:
     D:3: 1091 daAuts
     D:1: 896 daAuts
     D:2: 877 daAuts
     D:4: 112 daAuts
     D:5: 11 daAuts
